| TOP OF THE 1ST |
|
Coastal Carolina University Chanticleers batting - Pitching for University of Southern California Trojans : LHP Brian Cullom
|
|
Pitching: LHP Brian Cullom
|
|
|
Batting: RHB Tatsunori Ishigaki
|
0-0: Called Strike 0-1: Hit by Pitch
|
|
Batting: RHB Dennis Bennett
|
0-0: Called Strike 0-1: Ball 1-1: Ball 2-1: Ball 3-1: Called Strike 3-2: Strikes out swinging
|
|
Batting: RHB Alex Montiel
|
0-0: Ball 1-0: Called Strike 1-1: Called Strike 1-2: Fly out, F8 (Flyball, 78M, EV 83.1 MPH)
|
|
Batting: RHB Justin Klein
|
0-0: Called Strike 0-1: Called Strike Tatsunori Ishigaki steals 2nd base 0-2: Ground out 2-3 (Groundball, 13S, EV 72.5 MPH)
|
| Top of the 1st over - 0 runs, 0 hits, 0 errors, 1 left on base; Coastal Carolina University 0 - University of Southern California 0 |
| BOTTOM OF THE 1ST |
|
University of Southern California Trojans batting - Pitching for Coastal Carolina University Chanticleers : RHP Johnnie Cowan
|
|
Pitching: RHP Johnnie Cowan
|
|
|
Batting: LHB Alonzo Catalan
|
0-0: Called Strike 0-1: Foul Ball, location: 2F 0-2: Ball 1-2: Strikes out swinging
|
|
Batting: LHB Justin Veirs
|
0-0: Swinging Strike 0-1: Swinging Strike 0-2: Ball 1-2: Strikes out swinging
|
|
Batting: LHB John Rumbolt
|
0-0: Called Strike 0-1: Ground out 4-3 (Groundball, 34, EV 88.1 MPH)
|
| Bottom of the 1st over - 0 runs, 0 hits, 0 errors, 0 left on base; Coastal Carolina University 0 - University of Southern California 0 |
| TOP OF THE 2ND |
|
Coastal Carolina University Chanticleers batting - Pitching for University of Southern California Trojans : LHP Brian Cullom
|
|
Batting: RHB Johnnie Cowan
|
0-0: Ball 1-0: Swinging Strike 1-1: Ball 2-1: Fly out, F8 (Flyball, 8RD, EV 93.1 MPH)
|
|
Batting: RHB Oscar Hernandez
|
0-0: Ball 1-0: Foul Ball, location: 2F 1-1: Ground out 1-3 (Groundball, 13S, EV 68.1 MPH)
|
|
Batting: LHB Justin Sanders
|
0-0: Foul Ball, location: 2F 0-1: Foul Ball, location: 2F 0-2: Ball 1-2: Strikes out swinging
|
| Top of the 2nd over - 0 runs, 0 hits, 0 errors, 0 left on base; Coastal Carolina University 0 - University of Southern California 0 |
| BOTTOM OF THE 2ND |
|
University of Southern California Trojans batting - Pitching for Coastal Carolina University Chanticleers : RHP Johnnie Cowan
|
|
Batting: RHB Eric Baker
|
0-0: Ball 1-0: Ball 2-0: Called Strike 2-1: Fly out, F8 (Flyball, 89M, EV 71.2 MPH)
|
|
Batting: RHB Jeremy McAbee
|
0-0: Ground out 5-3 (Groundball, 56, EV 83.1 MPH)
|
|
Batting: RHB Jim Baltazar
|
0-0: Ball 1-0: Ball 2-0: Fly out, F8 (Flyball, 8RD, EV 87.5 MPH)
|
| Bottom of the 2nd over - 0 runs, 0 hits, 0 errors, 0 left on base; Coastal Carolina University 0 - University of Southern California 0 |
| TOP OF THE 3RD |
|
Coastal Carolina University Chanticleers batting - Pitching for University of Southern California Trojans : LHP Brian Cullom
|
|
Batting: RHB Rene Napoles
|
0-0: Swinging Strike 0-1: Ball 1-1: Ball 2-1: Foul Ball, location: 2F 2-2: Foul Ball, location: 2F 2-2: Strikes out swinging
|
|
Batting: LHB Jason Melek
|
0-0: Called Strike 0-1: Called Strike 0-2: DOUBLE (Line Drive, 3D, EV 108.8 MPH)
|
|
Batting: RHB Tatsunori Ishigaki
|
0-0: Ball 1-0: SINGLE (Groundball, 56D, EV 95.0 MPH) Jason Melek to third Runner from 3rd tries for Home, SAFE, throw by LF to home
|
|
Batting: RHB Dennis Bennett
|
0-0: Called Strike 0-1: Called Strike 0-2: Ball 1-2: Strikes out swinging
|
|
Batting: RHB Alex Montiel
|
0-0: Called Strike Tatsunori Ishigaki is caught stealing 2nd base 2-4
|
| Top of the 3rd over - 1 run, 2 hits, 0 errors, 0 left on base; Coastal Carolina University 1 - University of Southern California 0 |
| BOTTOM OF THE 3RD |
|
University of Southern California Trojans batting - Pitching for Coastal Carolina University Chanticleers : RHP Johnnie Cowan
|
|
Batting: RHB Jochen Schanz
|
0-0: Ball 1-0: DOUBLE (Line Drive, 8LXD, EV 108.8 MPH)
|
|
Batting: RHB Tri Kartini
|
0-0: Ball 1-0: SINGLE (Groundball, 56, EV 94.4 MPH) Jochen Schanz to third
|
|
Batting: RHB Bobby Basoco
|
0-0: Ball 1-0: Called Strike 1-1: Ball 2-1: Foul Ball, location: 2F 2-2: Strikes out swinging
|
|
Batting: LHB Alonzo Catalan
|
0-0: Ball 1-0: Foul Ball, location: 2F 1-1: Ball 2-1: Swinging Strike 2-2: Foul Ball, location: 2F 2-2: Strikes out swinging
|
|
Batting: LHB Justin Veirs
|
0-0: Called Strike 0-1: Ball 1-1: Ball 2-1: Ball 3-1: Called Strike 3-2: Reached on error, E3 (Groundball, 3, EV 103.8 MPH) Jochen Schanz scores Tri Kartini to second
|
|
Batting: LHB John Rumbolt
|
0-0: Ball 1-0: Foul Ball, location: 2F 1-1: Foul Ball, location: 2F 1-2: Ball 2-2: Ground out 1-3 (Groundball, 34S, EV 62.5 MPH)
|
| Bottom of the 3rd over - 1 run, 2 hits, 1 error, 2 left on base; Coastal Carolina University 1 - University of Southern California 1 |
| TOP OF THE 4TH |
|
Coastal Carolina University Chanticleers batting - Pitching for University of Southern California Trojans : LHP Brian Cullom
|
|
Batting: RHB Alex Montiel
|
0-0: Ball 1-0: SINGLE (Groundball, 34D, EV 95.0 MPH)
|
|
Batting: RHB Justin Klein
|
0-0: Ball Alex Montiel is caught stealing 2nd base 2-4 1-0: Ball 2-0: Called Strike 2-1: Ball 3-1: Foul Ball, location: 2F 3-2: Foul Ball, location: 2F 3-2: Ground out 4-3 (Groundball, 4, EV 90.6 MPH)
|
|
Batting: RHB Johnnie Cowan
|
0-0: Swinging Strike 0-1: Swinging Strike 0-2: Strikes out swinging
|
| Top of the 4th over - 0 runs, 1 hit, 0 errors, 0 left on base; Coastal Carolina University 1 - University of Southern California 1 |
| BOTTOM OF THE 4TH |
|
University of Southern California Trojans batting - Pitching for Coastal Carolina University Chanticleers : RHP Johnnie Cowan
|
|
Batting: RHB Eric Baker
|
0-0: Called Strike 0-1: Ball 1-1: Foul Ball, location: 2F 1-2: Strikes out looking
|
|
Batting: RHB Jeremy McAbee
|
0-0: Called Strike 0-1: Ball 1-1: Swinging Strike 1-2: Foul Ball, location: 2F 1-2: Strikes out swinging
|
|
Batting: RHB Jim Baltazar
|
0-0: Ball 1-0: Foul Ball, location: 2F 1-1: Foul Ball, location: 2F 1-2: Foul Ball, location: 2F 1-2: Ball 2-2: Ball 3-2: Strikes out looking
|
| Bottom of the 4th over - 0 runs, 0 hits, 0 errors, 0 left on base; Coastal Carolina University 1 - University of Southern California 1 |
| TOP OF THE 5TH |
|
Coastal Carolina University Chanticleers batting - Pitching for University of Southern California Trojans : LHP Brian Cullom
|
|
Batting: RHB Oscar Hernandez
|
0-0: Ball 1-0: Ball 2-0: Fly out, F3 (Popup, 3SF, EV 70.0 MPH)
|
|
Batting: LHB Justin Sanders
|
0-0: Ball 1-0: Ball 2-0: Called Strike 2-1: Ball 3-1: Base on Balls
|
|
Batting: RHB Rene Napoles
|
0-0: Swinging Strike 0-1: Called Strike 0-2: Strikes out swinging Justin Sanders is caught stealing 2nd base 2-4 Batter strikes out.
|
| Top of the 5th over - 0 runs, 0 hits, 0 errors, 0 left on base; Coastal Carolina University 1 - University of Southern California 1 |
| BOTTOM OF THE 5TH |
|
University of Southern California Trojans batting - Pitching for Coastal Carolina University Chanticleers : RHP Johnnie Cowan
|
|
Batting: RHB Jochen Schanz
|
0-0: Foul Ball, location: 2F 0-1: Foul Ball, location: 2F 0-2: Ground out 6-3 (Groundball, 6, EV 88.1 MPH)
|
|
Batting: RHB Tri Kartini
|
0-0: Ball 1-0: Swinging Strike 1-1: Ball 2-1: Fly out, F8 (Line Drive, 8RD, EV 103.1 MPH)
|
|
Batting: RHB Bobby Basoco
|
0-0: Called Strike 0-1: Ball 1-1: Foul Ball, location: 2F 1-2: Ball 2-2: Strikes out swinging
|
| Bottom of the 5th over - 0 runs, 0 hits, 0 errors, 0 left on base; Coastal Carolina University 1 - University of Southern California 1 |
| TOP OF THE 6TH |
|
Coastal Carolina University Chanticleers batting - Pitching for University of Southern California Trojans : LHP Brian Cullom
|
|
Batting: LHB Jason Melek
|
0-0: Ball 1-0: Foul Ball, location: 2F 1-1: Swinging Strike 1-2: Ball 2-2: Foul Ball, location: 2F 2-2: Strikes out swinging
|
|
Batting: RHB Tatsunori Ishigaki
|
0-0: Ball 1-0: Ball 2-0: Called Strike 2-1: Ball 3-1: Called Strike 3-2: Foul Ball, location: 2F 3-2: Foul Ball, location: 2F 3-2: Base on Balls
|
|
Batting: RHB Dennis Bennett
|
0-0: Ball 1-0: Swinging Strike 1-1: Ball 2-1: Fielders Choice at 2nd, 4-6 (Groundball, 4M, EV 88.8 MPH)
|
|
Pitching: RHP Tom Applebee
|
|
|
Batting: RHB Alex Montiel
|
0-0: Ball Dennis Bennett is caught stealing 2nd base 2-4
|
| Top of the 6th over - 0 runs, 0 hits, 0 errors, 0 left on base; Coastal Carolina University 1 - University of Southern California 1 |
| BOTTOM OF THE 6TH |
|
University of Southern California Trojans batting - Pitching for Coastal Carolina University Chanticleers : RHP Johnnie Cowan
|
|
Batting: LHB Alonzo Catalan
|
0-0: Called Strike 0-1: Ground out 4-3 (Groundball, 4, EV 109.4 MPH)
|
|
Batting: LHB Justin Veirs
|
0-0: Ball 1-0: Foul Ball, location: 2F 1-1: Ball 2-1: Called Strike 2-2: Ball 3-2: Strikes out looking
|
|
Batting: LHB John Rumbolt
|
0-0: Called Strike 0-1: Ball 1-1: Swinging Strike 1-2: Foul Ball, location: 2F 1-2: Strikes out looking
|
| Bottom of the 6th over - 0 runs, 0 hits, 0 errors, 0 left on base; Coastal Carolina University 1 - University of Southern California 1 |
| TOP OF THE 7TH |
|
Coastal Carolina University Chanticleers batting - Pitching for University of Southern California Trojans : RHP Tom Applebee
|
|
Batting: RHB Alex Montiel
|
0-0: Ground out 4-3 (Groundball, 4, EV 95.6 MPH)
|
|
Pinch Hitting: RHB Mark Tart
|
0-0: Ball 1-0: Foul Ball, location: 2F 1-1: Swinging Strike 1-2: Ground out 5-3 (Groundball, 56, EV 87.5 MPH)
|
|
Batting: RHB Johnnie Cowan
|
0-0: Ground out U3 (Groundball, 34, EV 80.6 MPH)
|
| Top of the 7th over - 0 runs, 0 hits, 0 errors, 0 left on base; Coastal Carolina University 1 - University of Southern California 1 |
| BOTTOM OF THE 7TH |
|
University of Southern California Trojans batting - Pitching for Coastal Carolina University Chanticleers : RHP Johnnie Cowan
|
|
Pitching: LHP Elijah Mangrum
|
|
|
Now at 1B: Nate Kokx
|
|
|
Batting: RHB Eric Baker
|
0-0: Ball 1-0: Foul Ball, location: 2F 1-1: Ground out 6-3 (Groundball, 6, EV 81.9 MPH)
|
|
Batting: RHB Jeremy McAbee
|
0-0: Ball 1-0: Ball 2-0: Ball 3-0: Called Strike 3-1: Base on Balls
|
|
Batting: RHB Jim Baltazar
|
0-0: Called Strike 0-1: Ball 1-1: Ball 2-1: Foul Ball, location: 2F 2-2: Ball 3-2: Foul Ball, location: 2F 3-2: Strikes out swinging
|
|
Batting: RHB Jochen Schanz
|
0-0: Ball 1-0: Swinging Strike 1-1: Fly out, F8 (Flyball, 8RM, EV 85.0 MPH)
|
| Bottom of the 7th over - 0 runs, 0 hits, 0 errors, 1 left on base; Coastal Carolina University 1 - University of Southern California 1 |
| TOP OF THE 8TH |
|
Coastal Carolina University Chanticleers batting - Pitching for University of Southern California Trojans : RHP Tom Applebee
|
|
Batting: RHB Oscar Hernandez
|
0-0: Swinging Strike 0-1: SINGLE (Line Drive, 89S, EV 85.6 MPH)
|
|
Batting: LHB Justin Sanders
|
0-0: Bunt missed! 0-1: Ball 1-1: Bunted foul 1-2: Strikes out swinging
|
|
Batting: RHB Rene Napoles
|
0-0: Ball 1-0: Ball 2-0: Fielders Choice at 2nd, 6-4 (Groundball, 6, EV 85.6 MPH)
|
|
Batting: LHB Jason Melek
|
0-0: Called Strike Rene Napoles is caught stealing 2nd base 2-6
|
| Top of the 8th over - 0 runs, 1 hit, 0 errors, 0 left on base; Coastal Carolina University 1 - University of Southern California 1 |
| BOTTOM OF THE 8TH |
|
University of Southern California Trojans batting - Pitching for Coastal Carolina University Chanticleers : LHP Elijah Mangrum
|
|
Pitching: LHP Caleb Rohde
|
|
|
Batting: RHB Tri Kartini
|
0-0: Ball 1-0: Ball 2-0: Ground out 4-3 (Groundball, P, EV 88.8 MPH)
|
|
Batting: RHB Bobby Basoco
|
0-0: Swinging Strike 0-1: Ball 1-1: Ball 2-1: Swinging Strike 2-2: Foul Ball, location: 2F 2-2: Strikes out looking
|
|
Batting: LHB Alonzo Catalan
|
0-0: Ball 1-0: Ball 2-0: Ball 3-0: Called Strike 3-1: Base on Balls
|
|
Batting: LHB Justin Veirs
|
0-0: Ball 1-0: Called Strike 1-1: Foul Ball, location: 2F 1-2: Ball Alonzo Catalan is caught stealing 2nd base 2-6
|
| Bottom of the 8th over - 0 runs, 0 hits, 0 errors, 0 left on base; Coastal Carolina University 1 - University of Southern California 1 |
| TOP OF THE 9TH |
|
Coastal Carolina University Chanticleers batting - Pitching for University of Southern California Trojans : RHP Tom Applebee
|
|
Pitching: RHP Dave Montoya
|
|
|
Batting: LHB Jason Melek
|
0-0: Ball 1-0: Called Strike 1-1: Foul Ball, location: 2F 1-2: Foul Ball, location: 2F 1-2: Ball 2-2: Ball 3-2: Strikes out looking
|
|
Batting: RHB Tatsunori Ishigaki
|
0-0: Ball 1-0: Ball 2-0: Ball 3-0: Base on Balls
|
|
Batting: RHB Dennis Bennett
|
Pickoff Throw to First - Out! 1-3 0-0: Foul Ball, location: 2F 0-1: Foul Ball, location: 2F 0-2: Strikes out looking
|
| Top of the 9th over - 0 runs, 0 hits, 0 errors, 0 left on base; Coastal Carolina University 1 - University of Southern California 1 |
| BOTTOM OF THE 9TH |
|
University of Southern California Trojans batting - Pitching for Coastal Carolina University Chanticleers : LHP Caleb Rohde
|
|
Pitching: RHP Pedro Magdaleno
|
|
|
Batting: LHB Justin Veirs
|
0-0: Fly out, F7 (Flyball, 7LS, EV 91.9 MPH)
|
|
Batting: LHB John Rumbolt
|
0-0: Swinging Strike 0-1: Ball 1-1: Fly out, F9 (Line Drive, 9, EV 100.6 MPH)
|
|
Batting: RHB Eric Baker
|
0-0: Swinging Strike 0-1: Swinging Strike 0-2: Ball 1-2: Foul Ball, location: 2F 1-2: Foul Ball, location: 9LSF, Error on foul ball, E9 1-2: Ground out 5-3 (Groundball, 5, EV 78.1 MPH)
|
| Bottom of the 9th over - 0 runs, 0 hits, 1 error, 0 left on base; Coastal Carolina University 1 - University of Southern California 1 |
| TOP OF THE 10TH |
|
Coastal Carolina University Chanticleers batting - Pitching for University of Southern California Trojans : RHP Dave Montoya
|
|
Batting: RHB Alex Montiel
|
0-0: Fly out, F3 (Popup, 34S, EV 78.1 MPH)
|
|
Batting: LHB Nate Kokx
|
0-0: Ball 1-0: Foul Ball, location: 2F 1-1: Swinging Strike 1-2: Foul Ball, location: 2F 1-2: Strikes out swinging
|
|
Batting: RHB Johnnie Cowan
|
0-0: Called Strike 0-1: Ground out U3 (Groundball, 3S, EV 72.5 MPH)
|
| Top of the 10th over - 0 runs, 0 hits, 0 errors, 0 left on base; Coastal Carolina University 1 - University of Southern California 1 |
| BOTTOM OF THE 10TH |
|
University of Southern California Trojans batting - Pitching for Coastal Carolina University Chanticleers : RHP Pedro Magdaleno
|
|
Pitching: RHP Mitsuaki Fukunaga
|
|
|
Batting: RHB Jeremy McAbee
|
0-0: Called Strike 0-1: Swinging Strike 0-2: Foul Ball, location: 2F 0-2: Strikes out looking
|
|
Batting: RHB Jim Baltazar
|
0-0: Called Strike 0-1: Foul Ball, location: 2F 0-2: Strikes out swinging
|
|
Batting: RHB Jochen Schanz
|
0-0: Called Strike 0-1: Swinging Strike 0-2: Strikes out swinging
|
| Bottom of the 10th over - 0 runs, 0 hits, 0 errors, 0 left on base; Coastal Carolina University 1 - University of Southern California 1 |
| TOP OF THE 11TH |
|
Coastal Carolina University Chanticleers batting - Pitching for University of Southern California Trojans : RHP Dave Montoya
|
|
Batting: RHB Oscar Hernandez
|
0-0: Called Strike 0-1: Ball 1-1: Ball 2-1: Foul Ball, location: 2F 2-2: Foul Ball, location: 2F 2-2: Ground out 5-3 (Groundball, 56, EV 104.4 MPH)
|
|
Batting: LHB Justin Sanders
|
0-0: Foul Ball, location: 2F 0-1: Foul Ball, location: 2F 0-2: Ground out 4-3 (Groundball, 4, EV 81.9 MPH)
|
|
Batting: RHB Rene Napoles
|
0-0: Ball 1-0: Ball 2-0: Called Strike 2-1: Foul Ball, location: 2F 2-2: Strikes out swinging
|
| Top of the 11th over - 0 runs, 0 hits, 0 errors, 0 left on base; Coastal Carolina University 1 - University of Southern California 1 |
| BOTTOM OF THE 11TH |
|
University of Southern California Trojans batting - Pitching for Coastal Carolina University Chanticleers : RHP Mitsuaki Fukunaga
|
|
Batting: RHB Tri Kartini
|
0-0: Swinging Strike 0-1: Ball 1-1: Foul Ball, location: 2F 1-2: Foul Ball, location: 2F 1-2: Ball 2-2: Strikes out swinging
|
|
Pinch Hitting: RHB Joe Keough
|
0-0: Foul Ball, location: 2F 0-1: Swinging Strike 0-2: Foul Ball, location: 2F 0-2: Ball 1-2: Ball 2-2: Ball 3-2: Ground out U3 (Groundball, 34S, EV 86.2 MPH)
|
|
Batting: LHB Alonzo Catalan
|
0-0: Ball 1-0: Ground out 6-3 (Groundball, 6M, EV 80.6 MPH)
|
| Bottom of the 11th over - 0 runs, 0 hits, 0 errors, 0 left on base; Coastal Carolina University 1 - University of Southern California 1 |
| TOP OF THE 12TH |
|
Coastal Carolina University Chanticleers batting - Pitching for University of Southern California Trojans : RHP Dave Montoya
|
|
Now at C: Joe Keough
|
|
|
Batting: LHB Jason Melek
|
0-0: Ball 1-0: Ball 2-0: Called Strike 2-1: Foul Ball, location: 2F 2-2: Strikes out swinging
|
|
Batting: RHB Tatsunori Ishigaki
|
0-0: Called Strike 0-1: Foul Ball, location: 2F 0-2: Strikes out swinging
|
|
Batting: RHB Dennis Bennett
|
0-0: TRIPLE (Flyball, 78XD, EV 94.4 MPH)
|
|
Batting: RHB Alex Montiel
|
0-0: Called Strike 0-1: Ball 1-1: Ball 2-1: Ball 3-1: Foul Ball, location: 2F 3-2: Foul Ball, location: 2F 3-2: Base on Balls
|
|
Pitching: RHP Aaron Haver
|
|
|
Batting: LHB Nate Kokx
|
0-0: Ball 1-0: Ball 2-0: Foul Ball, location: 2F 2-1: Called Strike 2-2: Foul Ball, location: 2F 2-2: Strikes out looking
|
| Top of the 12th over - 0 runs, 1 hit, 0 errors, 2 left on base; Coastal Carolina University 1 - University of Southern California 1 |
| BOTTOM OF THE 12TH |
|
University of Southern California Trojans batting - Pitching for Coastal Carolina University Chanticleers : RHP Mitsuaki Fukunaga
|
|
Pitching: RHP Eric Dunkerley
|
|
|
Batting: LHB Justin Veirs
|
0-0: Called Strike 0-1: Ground out 6-3 (Groundball, 4M, EV 110.0 MPH)
|
|
Batting: LHB John Rumbolt
|
0-0: Swinging Strike 0-1: Ball 1-1: Ball 2-1: Called Strike 2-2: Strikes out looking
|
|
Batting: RHB Eric Baker
|
0-0: Ball 1-0: Ball 2-0: Called Strike 2-1: Ball 3-1: Swinging Strike 3-2: Foul Ball, location: 2F 3-2: Fly out, F4 (Line Drive, 4, EV 67.5 MPH)
|
| Bottom of the 12th over - 0 runs, 0 hits, 0 errors, 0 left on base; Coastal Carolina University 1 - University of Southern California 1 |
| TOP OF THE 13TH |
|
Coastal Carolina University Chanticleers batting - Pitching for University of Southern California Trojans : RHP Aaron Haver
|
|
Batting: RHB Johnnie Cowan
|
0-0: SINGLE (Groundball, 56D, EV 96.9 MPH)
|
|
Batting: RHB Oscar Hernandez
|
0-0: Called Strike 0-1: Ball 1-1: Foul Ball, location: 2F 1-2: Foul Ball, location: 2F 1-2: Ball 2-2: Ball 3-2: Fielders Choice at 2nd, 4-6 (Groundball, 4S, EV 85.0 MPH)
|
|
Batting: LHB Justin Sanders
|
0-0: Bunt missed! 0-1: Bunt missed! 0-2: Ball 1-2: Ball 2-2: Strikes out swinging
|
|
Batting: RHB Rene Napoles
|
0-0: Ball 1-0: Foul Ball, location: 2F 1-1: Foul Ball, location: 2F 1-2: Foul Ball, location: 2F 1-2: Ball 2-2: Ball 3-2: Strikes out looking
|
| Top of the 13th over - 0 runs, 1 hit, 0 errors, 1 left on base; Coastal Carolina University 1 - University of Southern California 1 |
| BOTTOM OF THE 13TH |
|
University of Southern California Trojans batting - Pitching for Coastal Carolina University Chanticleers : RHP Eric Dunkerley
|
|
Batting: RHB Jeremy McAbee
|
0-0: Ball 1-0: Called Strike 1-1: Called Strike 1-2: Strikes out swinging
|
|
Batting: RHB Jim Baltazar
|
0-0: Swinging Strike 0-1: Ball 1-1: Fly out, F8 (Flyball, 89M, EV 90.0 MPH)
|
|
Batting: RHB Jochen Schanz
|
0-0: Swinging Strike 0-1: Swinging Strike 0-2: Ball 1-2: Ground out 4-3 (Groundball, 4S, EV 70.6 MPH)
|
| Bottom of the 13th over - 0 runs, 0 hits, 0 errors, 0 left on base; Coastal Carolina University 1 - University of Southern California 1 |
| TOP OF THE 14TH |
|
Coastal Carolina University Chanticleers batting - Pitching for University of Southern California Trojans : RHP Aaron Haver
|
|
Batting: LHB Jason Melek
|
0-0: Ball 1-0: Foul Ball, location: 2F 1-1: Swinging Strike 1-2: Ground out 5-3 (Groundball, 56S, EV 80.6 MPH)
|
|
Batting: RHB Tatsunori Ishigaki
|
0-0: Ball 1-0: Ball 2-0: Foul Ball, location: 2F 2-1: Called Strike 2-2: Foul Ball, location: 2F 2-2: Ground out 4-3 (Groundball, 4, EV 80.0 MPH)
|
|
Batting: RHB Dennis Bennett
|
0-0: Ball 1-0: Ball 2-0: Foul Ball, location: 2F 2-1: Ball 3-1: Base on Balls
|
|
Pitching: RHP Gabe Hires
|
|
|
Batting: RHB Alex Montiel
|
0-0: Called Strike 0-1: Ball Dennis Bennett steals 2nd base 1-1: Ground out U3 (Groundball, 3, EV 101.2 MPH)
|
| Top of the 14th over - 0 runs, 0 hits, 0 errors, 1 left on base; Coastal Carolina University 1 - University of Southern California 1 |
| BOTTOM OF THE 14TH |
|
University of Southern California Trojans batting - Pitching for Coastal Carolina University Chanticleers : RHP Eric Dunkerley
|
|
Batting: RHB Tri Kartini
|
0-0: Called Strike 0-1: Foul Ball, location: 2F 0-2: Ball 1-2: Ground out 5-3 (Groundball, 56S, EV 80.6 MPH)
|
|
Batting: RHB Joe Keough
|
0-0: Ball 1-0: Ground out 6-3 (Groundball, 6S, EV 65.6 MPH)
|
|
Batting: LHB Alonzo Catalan
|
0-0: Ball 1-0: Called Strike 1-1: Ground out 4-3 (Groundball, 34, EV 88.8 MPH)
|
| Bottom of the 14th over - 0 runs, 0 hits, 0 errors, 0 left on base; Coastal Carolina University 1 - University of Southern California 1 |
| TOP OF THE 15TH |
|
Coastal Carolina University Chanticleers batting - Pitching for University of Southern California Trojans : RHP Gabe Hires
|
|
Batting: LHB Nate Kokx
|
0-0: Foul Ball, location: 2F 0-1: Ground out 5-3 (Groundball, 56, EV 108.1 MPH)
|
|
Batting: RHB Johnnie Cowan
|
0-0: Swinging Strike 0-1: Reached on error, E5 (Groundball, 56S, EV 83.1 MPH)
|
|
Batting: RHB Oscar Hernandez
|
0-0: Ball 1-0: Ball 2-0: SINGLE (Groundball, 56S, EV 77.5 MPH) (infield hit) Johnnie Cowan to second
|
|
Batting: LHB Justin Sanders
|
0-0: Ball 1-0: Ball 2-0: Reached on error, E7 (Flyball, 7, EV 90.6 MPH) Johnnie Cowan to third Oscar Hernandez to second
|
|
Batting: RHB Rene Napoles
|
0-0: Ball 1-0: Ball 2-0: Ball 3-0: Called Strike 3-1: Grounds into fielders choice 3-2 (Groundball, 34S, EV 69.4 MPH) Oscar Hernandez to third Justin Sanders to second
|
|
Batting: LHB Jason Melek
|
0-0: Ball 1-0: Foul Ball, location: 2F 1-1: Foul Ball, location: 2F 1-2: Strikes out looking
|
| Top of the 15th over - 0 runs, 1 hit, 2 errors, 3 left on base; Coastal Carolina University 1 - University of Southern California 1 |
| BOTTOM OF THE 15TH |
|
University of Southern California Trojans batting - Pitching for Coastal Carolina University Chanticleers : RHP Eric Dunkerley
|
|
Batting: LHB Justin Veirs
|
0-0: Ball 1-0: Ball 2-0: Foul Ball, location: 2F 2-1: SINGLE (Line Drive, 8LS, EV 91.9 MPH)
|
|
Batting: LHB John Rumbolt
|
0-0: Called Strike 0-1: Fielders Choice at 2nd, 3-6 (Groundball, 3, EV 86.2 MPH)
|
|
Batting: RHB Eric Baker
|
0-0: Fly out, F7 (Flyball, 7D, EV 99.4 MPH)
|
|
Batting: RHB Jeremy McAbee
|
0-0: Swinging Strike 0-1: Called Strike John Rumbolt is caught stealing 2nd base 2-4
|
| Bottom of the 15th over - 0 runs, 1 hit, 0 errors, 0 left on base; Coastal Carolina University 1 - University of Southern California 1 |
| TOP OF THE 16TH |
|
Coastal Carolina University Chanticleers batting - Pitching for University of Southern California Trojans : RHP Gabe Hires
|
|
Batting: RHB Tatsunori Ishigaki
|
0-0: SINGLE (Line Drive, 3D, EV 103.1 MPH)
|
|
Batting: RHB Dennis Bennett
|
0-0: Foul Ball, location: 2F 0-1: Ball 1-1: Ball 2-1: Bunt missed! 2-2: Fielders Choice at 2nd, 6-4 (Groundball, 6, EV 95.0 MPH)
|
|
Batting: RHB Alex Montiel
|
0-0: Called Strike 0-1: Ball Dennis Bennett is caught stealing 2nd base 2-4 1-1: Foul Ball, location: 2F 1-2: Foul Ball, location: 2F 1-2: Strikes out swinging
|
| Top of the 16th over - 0 runs, 1 hit, 0 errors, 0 left on base; Coastal Carolina University 1 - University of Southern California 1 |
| BOTTOM OF THE 16TH |
|
University of Southern California Trojans batting - Pitching for Coastal Carolina University Chanticleers : RHP Eric Dunkerley
|
|
Pitching: RHP Dennis Margolis
|
|
|
Batting: RHB Jeremy McAbee
|
0-0: Ground out 4-3 (Groundball, 4, EV 83.8 MPH)
|
|
Batting: RHB Jim Baltazar
|
0-0: Ground out 6-3 (Groundball, 6, EV 100.6 MPH)
|
|
Batting: RHB Jochen Schanz
|
0-0: Ball 1-0: Called Strike 1-1: Ball 2-1: SINGLE (Groundball, 5S, EV 71.2 MPH) (infield hit)
|
|
Batting: RHB Tri Kartini
|
0-0: Ball 1-0: Called Strike Jochen Schanz steals 2nd base 1-1: Foul Ball, location: 2F 1-2: Foul Ball, location: 2F 1-2: DOUBLE (Flyball, 8RXD, EV 91.9 MPH) Jochen Schanz scores
|
| Bottom of the 16th over - 1 run, 2 hits, 0 errors, 1 left on base; Coastal Carolina University 1 - University of Southern California 2 |
|